Map: Cosmic Sapphire

Players

LankyMofka

  • Race: Zerg Zerg
  • League: Gold
  • Spawn Location: 11:00

MattBarry - Winner!

  • Race: Zerg Zerg
  • League: Silver
  • Spawn Location: 5:00

VOD

Have the link to the VOD?

Description

Time

  • Played on: Jan. 19, 2023, 3:56 a.m.
  • Length: 5:40
Show
View Real Time Build Order
Export as new Build Order

LankyMofka Zerg 

Build Orders: Hatch First 

Get SALT Encoding   

  12  0:04  Drone  
  13  0:15  Overlord  
  13  0:20  Drone  
  14  0:46  Hatchery  
  14  0:49  Drone  
  14  0:52  Drone  
  15  1:09  Spawning Pool  
  14  1:27  Overlord  
  14  1:59  Zergling x2  
  14  2:00  Zergling x4  
  19  2:05  Spine Crawler  
  19  2:07  Spine Crawler  
  17  2:13  Spine Crawler  
  18  2:20  Spine Crawler  
  15  2:25  Zergling x6  
  15  2:27  Zergling x4  
  20  2:32  Spine Crawler  
  20  2:33  Spine Crawler  
  18  2:54  Drone x2  
  14  3:15  Queen  
  14  3:19  Zergling x6  
  18  3:26  Spore Crawler  
  17  3:32  Spine Crawler  
  16  3:43  Drone  
  16  3:44  Drone  
  16  4:09  Hatchery  
  15  4:13  Extractor  
  10  4:55  Roach Warren, Drone  
  10  4:56  Drone x5  
  17  5:22  Drone x2  
Show
View Real Time Build Order
Export as new Build Order

MattBarry Zerg - Winner!

Build Orders: Pool First 

Get SALT Encoding   

  12  0:00  Drone  
  13  0:10  Drone  
  14  0:26  Spawning Pool  
  13  0:30  Drone  
  14  0:37  Overlord  
  14  0:42  Extractor  
  14  0:44  Drone  
  14  0:55  Drone  
  15  1:00  Drone  
  16  1:13  Zergling x4  
  16  1:14  Queen  
  20  1:24  Zergling x2  
  21  1:37  Zergling x2  
  22  1:49  Overlord  
  22  2:11  Zergling x2  
  22  2:12  Zergling x2  
  24  2:18  Zergling x2  
  24  2:31  Zergling x6  
  27  2:45  Queen  
  27  2:48  Hatchery, Baneling Nest  
  27  2:53  Drone x2  
  28  3:15  Drone  
  28  3:17  Overlord x2  
  29  3:23  Extractor  
  29  3:26  Evolution Chamber  
  27  3:28  Evolution Chamber  
  27  3:30  Zergling x4  
  28  3:46  Hatchery  
  27  4:01  Baneling x2  
  27  4:04  Baneling  
  27  4:08  Baneling  
  27  4:09  Zergling x10  
  32  4:21  Metabolic Boost  
  30  4:51  Drone  
  30  4:52  Drone x5  
  35  4:59  Drone  
  36  5:06  Baneling x8  
  36  5:21  Drone  
  36  5:22  Drone x3  
Tags
 
Matchup
ZvZ
Race
Zerg
Replay Pack
Multiplayer
Spawn Locations
Cross Positions
Add a new tag
Caveats
  • Supply blocks, unpowered buildings, or Contaminate may cause inaccurate times.
  • Supply counts are checked every 10 seconds.